 Dungeon Crawl Stone Soup version 0.20.1-1-g8b1a95d66d (webtiles) character file.

490 NixNut the Chopper (level 6, 0/57 HPs)
             Began as a Minotaur Berserker on Dec 29, 2017.
             Was a Believer of Trog.
             Slain by a jackal (1 damage)
             ... on level 4 of the Dungeon.
             The game lasted 00:08:59 (4907 turns).

NixNut the Chopper (Minotaur Berserker)             Turns: 4907, Time: 00:09:01

Health: 0/57       AC:  8    Str: 21    XL:     6   Next: 90%
Magic:  5/5        EV: 10    Int:  4    God:    Trog [**....]
Gold:   159        SH:  0    Dex: 12    Spells: 5/5 levels left

rFire    . . .     SeeInvis .   a - +0 hand axe
rCold    . . .     Gourm    .   (no shield)
rNeg     . . .     Faith    .   d - +0 scale mail
rPois    .         Spirit   .   c - +1 hat
rElec    .         Reflect  .   y - +0 cloak
rCorr    .         Harm     .   (no gloves)
MR       ++...                  (no boots)
Stlth    ..........             (no amulet)
Regen    1.2/turn               (no ring)
MPRegen  0.1/turn               (no ring)

@: regenerating, drained
A: retaliatory headbutt, horns 2
a: Berserk, Trog's Hand, Burn Spellbooks, Renounce Religion


You were on level 4 of the Dungeon.
You worshipped Trog.
Trog was pleased with you.
You were hungry.

You visited 1 branch of the dungeon, and saw 4 of its levels.

You collected 159 gold pieces.

Inventory:

Hand Weapons
 a - a +0 hand axe (weapon)
Armour
 b - a +0 animal skin
 c - a +1 hat (worn)
 d - a +0 scale mail (worn)
 y - a +0 cloak (worn)
Wands
 r - a wand of clouds (2/9)
Scrolls
 e - 3 scrolls of remove curse {unknown}
 f - a scroll of enchant armour {unknown}
 h - 3 scrolls of identify {unknown}
 l - 2 scrolls of fog {unknown}
 m - a scroll of noise {unknown}
 o - a scroll of fear {unknown}
 p - a scroll of amnesia {unknown}
 t - a scroll of teleportation {unknown}
 v - a scroll of immolation {unknown}
Potions
 g - a potion of mutation {unknown}
 i - a potion of lignification {unknown}
 j - 2 potions of heal wounds {unknown}
 k - a potion of brilliance {unknown}
 n - a potion of haste {unknown}
 q - 2 potions of magic {unknown}
 s - a potion of flight {unknown}
 x - a potion of ambrosia {unknown}
Comestibles
 u - a meat ration
 w - a bread ration
 z - a royal jelly


   Skills:
 + Level 6.0(5.1) Fighting
 + Level 7.9(7.0) Axes
 - Level 2.4(1.5) Armour
 - Level 2.1(1.3) Dodging
 + Level 0.8(0.0) Stealth


You had 5 spell levels left.
You didn't know any spells.

Dungeon Overview and Level Annotations

Branches:
Dungeon (4/15)
 Temple: D:4-7

Altars:

Annotations:
D:4 dengdeng's ghost, amateur MiBe


Innate Abilities, Weirdness & Mutations

You reflexively headbutt those who attack you in melee.
You have a pair of horns on your head.


Message History

* * * LOW HITPOINT WARNING * * *
Your skin crawls.
You feel resistant to hostile enchantments.
You are feeling hungry.
The jackal bites you but does no damage.
Dengdeng's ghost hits you!
* * * LOW HITPOINT WARNING * * *
You hit dengdeng's ghost but do no damage.
Dengdeng's ghost is almost destroyed.
You barely miss the jackal. The jackal closely misses you.
Dengdeng's ghost hits you.
* * * LOW HITPOINT WARNING * * *
You hit dengdeng's ghost but do no damage.
Dengdeng's ghost is almost destroyed.
You hit the jackal but do no damage.
The jackal bites you but does no damage.
Dengdeng's ghost hits you.
* * * LOW HITPOINT WARNING * * *
The jackal bites you.
You die...

##..... .....##
....... ......#
.......#..##..
#.....>. .##
#......####..##
#....!.....#..#
#...........#.#
..#............###
#.........W@...#
#........>h.##.#
##....?....## #
##...#...##
#..###### .... ...


You could see dengdeng's ghost and a jackal.

Vanquished Creatures
  Menkaure (D:4)
  The ghost of BreadTh the Magician, an amateur SpWz (D:3)
  An orc wizard (D:4)
  2 orc priests
  Ijyb (D:4)
  4 gnolls (D:3)
  5 adders
  An ooze (D:4)
  An adder skeleton (D:4)
  3 worms
  A dart slug (D:1)
  4 leopard geckos
  8 orcs
  5 bats
  2 giant cockroaches
  6 goblins
  9 hobgoblins
  3 jackals
  5 kobolds
  4 quokkas
  2 ball pythons (D:1)
  6 frilled lizards
  9 rats
84 creatures vanquished.

Notes
Turn   | Place    | Note
-------+----------+-------------------------------------------
     0 | D:1      | NixNut the Minotaur Berserker began the quest for the Orb.
     0 | D:1      | Reached XP level 1. HP: 19/19 MP: 0/0
   413 | D:1      | Reached skill level 4 in Axes
   576 | D:1      | Reached XP level 2. HP: 27/27 MP: 1/1
  1168 | D:2      | Reached XP level 3. HP: 26/33 MP: 2/2
  1715 | D:2      | Reached ** piety under Trog
  1764 | D:2      | You fall through a shaft for 2 floors!
  1764 | D:4      | Noticed Ijyb
  1776 | D:4      | Killed Ijyb
  1776 | D:4      | Reached skill level 5 in Axes
  1776 | D:4      | Reached XP level 4. HP: 38/41 MP: 3/3
  1818 | D:4      | Reached skill level 5 in Fighting
  1820 | D:4      | Reached XP level 5. HP: 46/48 MP: 4/4
  1873 | D:4      | Noticed dengdeng's ghost (amateur MiBe)
  2096 | D:3      | Reached skill level 6 in Axes
  2399 | D:3      | Noticed BreadTh's ghost (amateur SpWz)
  2425 | D:3      | Killed BreadTh's ghost
  3358 | D:3      | Reached XP level 6. HP: 56/56 MP: 5/5
  3818 | D:3      | Reached skill level 7 in Axes
  4224 | D:4      | Noticed Menkaure
  4576 | D:4      | Killed Menkaure
  4576 | D:4      | Reached *** piety under Trog
  4907 | D:4      | HP: 1/57 [dengdeng's ghost (4)]
  4907 | D:4      | Slain by a jackal

Skill      XL: |  1  2  3  4  5  6 |
---------------+-------------------+-----
Axes           | 4 5 6 7 |  7.9
Fighting       | 4 5 6 |  6.0
Armour         | |  2.4
Dodging        | |  2.1
Stealth        | |  0.8

Action                   |  1- 3 |  4- 6 || total
-------------------------+-------+-------++-------
Melee: Hand axe          |    78 |   182 ||   260
       Headbutt          |     8 |    30 ||    38
Invok: Trog's Hand       |       |     1 ||     1
  Eat: Royal jelly       |     1 |       ||     1
       Bread ration      |     1 |       ||     1
       Chunk             |       |     1 ||     1
       Meat ration       |       |     1 ||     1
Armor: Scale mail        |    31 |    60 ||    91
Dodge: Dodged            |    42 |    85 ||   127
